 Dungeon Crawl Stone Soup version 0.30-a0-860-g512cf1e979 (webtiles) character file.

Game seed: 98731444667637823

1124 PimpSugar the Magician (level 8, -1/53 (56) HPs)
             Began as a Demonspawn Hedge Wizard on Mar 8, 2023.
             Slain by a wight
             ... wielding a +0 spear
              (8 damage)
             ... in an ossuary.
             The game lasted 00:24:45 (5439 turns).

PimpSugar the Magician (Demonspawn Hedge Wizard)    Turns: 5439, Time: 00:24:46

HP:   -1/53 (56)    AC: 10    Str: 12    XL:     8   Next: 13%
MP:   11/14         EV: 12    Int: 23    God:
Gold: 320           SH:  5    Dex: 12    Spells: 9/15 levels left

rFire   x . .      SeeInvis +    s - +1 hand crossbow
rCold   . . .      Faith    .    (no shield)
rNeg    . . .      Spirit   .    H - +2 leather armour of the Gloaming {rPois rF- SInv}
rPois   +          Reflect  +    c - +0 hat
rElec   .          Rampage  .    C - +2 cloak
rCorr   .                        (no gloves)
Will    .....                    p - +0 pair of boots
Stlth   ++                       i - amulet of reflection
HPRegen 0.28/turn                f - ring of wizardry
MPRegen 0.14/turn                a - +6 ring of intelligence

@: slowed, drained, very slow
A: sharp scales 1, weakness stinger 2
a: no special abilities


You were in an ossuary.
You visited 1 branch of the dungeon, and saw 5 of its levels.
You also visited: Sewer and Ossuary.

You collected 320 gold pieces.

Inventory:

Hand Weapons
 b - a +3 short sword of freezing
 o - a +1 dagger of draining
 s - a +1 hand crossbow (weapon)
 x - a +0 dagger of flaming
 y - a +1 dagger of venom
 F - a +1 hand axe of electrocution
 J - a +2 short sword of electrocution
Missiles
 g - 72 stones
 n - 4 boomerangs
 q - 10 poisoned darts
 u - a curare-tipped dart
 I - 2 silver boomerangs
Armour
 c - a +0 hat (worn)
 p - a +0 pair of boots (worn)
 C - a +2 cloak (worn)
 H - the +2 leather armour of the Gloaming (worn) {rPois rF- SInv}
   (You found it on level 4 of the Dungeon)

   rF:        It makes you vulnerable to fire.
   rPois:     It protects you from poison.
   SInv:      It lets you see invisible.
Magical Staves
 e - a staff of fire
Jewellery
 a - a +6 ring of intelligence (right hand)
 f - a ring of wizardry (left hand)
 i - an amulet of reflection (around neck)
 D - a ring of see invisible
Wands
 w - a wand of digging (7)
 G - a wand of flame (28) (quivered)
Scrolls
 k - a scroll of teleportation
 l - 2 scrolls of blinking
 t - a scroll of fear {unknown}
 z - a scroll of magic mapping
 B - a scroll of fog
Potions
 d - 2 potions of magic
 h - a potion of heal wounds
 j - 4 potions of might
 m - a potion of attraction {unknown}
 r - a potion of curing
 v - 2 potions of flight
 A - 2 potions of brilliance
 E - 2 potions of haste
 L - a potion of resistance {unknown}


   Skills:
 + Level 2.2 Fighting
 + Level 1.6 Staves
 + Level 1.6 Ranged Weapons
 + Level 2.8 Dodging
 + Level 2.7 Stealth
 * Level 4.2 Spellcasting
 * Level 3.8 Conjurations
 + Level 2.1 Hexes
 * Level 3.4 Summonings
 + Level 2.5 Translocations
 + Level 2.0 Fire Magic
 + Level 1.9 Evocations


You had 9 spell levels left.
You knew the following spells:

 Your Spells              Type           Power      Damage    Failure   Level
a - Magic Dart            Conj           88%        1d7       1%          1
b - Call Imp              Summ           20%        N/A       1%          2
c - Summon Small Mammal   Summ           80%        N/A       1%          1
d - Slow                  Hex            56%        N/A       2%          1
e - Necrotise             Necr           16%        1d4       5%          1

Your spell library contained the following spells:

 Spells                   Type           Power      Damage    Failure   Level
 Apportation              Tloc           32%        N/A       1%          1
 Blink                    Tloc           32%        N/A       2%          2
 Summon Guardian Golem    Hex/Summ       17%        N/A       4%          3
 Ensorcelled Hibernation  Hex/Ice        18%        N/A       5%          2
 Cigotuvi's Dreadful Rot  Necr/Pois/Air  8%         N/A       9%          2
 Passwall                 Tmut/Erth      3%         N/A       9%          2
 Mephitic Cloud           Conj/Pois/Air  10%        N/A       9%          3
 Swiftness                Air            4%         N/A       16%         3
 Orb of Destruction       Conj           11%        9d6       100%        7
 Spellforged Servitor     Conj/Summ      10%        N/A       100%        7


Dungeon Overview and Level Annotations

Branches:
Dungeon (5/15)              Sewer (visited)         Ossuary (1/1)
 Temple: D:4-7

Altars:
Gozag
Hepliaklqana
Trog
Uskayaw


Innate Abilities, Weirdness & Mutations

You are partially covered in razor-sharp scales. (AC +1, Slay +1)
You have a tail ending in a sharp stinger.


Message History

The wraith attacks as you move away! The wraith hits you!
A wraith opens the door.
A wight comes into view. It is wielding a +0 spear.
You swap places.
Your crimson imp closely misses the wraith.
The wraith hits your crimson imp.
The wraith drains your crimson imp's vigour!
Your crimson imp seems to slow down.
The wight hits you but does no damage.
Your crimson imp hits the wraith.
The wight hits you but does no damage.
The wraith hits your crimson imp but does no damage.
The wight hits you but does no damage. The wraith closely misses you.
Your crimson imp barely misses the wraith.
The wraith hits you but does no damage. The wraith hits your crimson imp!
Your crimson imp dies!
Your crimson imp disappears in a puff of smoke!
The wraith closely misses you. The wight barely misses you.
The wraith hits you. The wraith drains your vigour!
You feel as though you will be slow longer.
The wight hits you but does no damage. The wraith attacks as you move away!
The wraith hits you but does no damage. The wraith misses you.
You block the wight's attack.
Aiming: Throw Flame
Press: ? - help, Shift-Dir - straight line, f/p - wraith
Aim: a wraith (heavily damaged, 71% to hit)
The puff of flame misses the wraith.
The puff of flame hits the wight but does no damage.
The wraith hits you but does no damage.
The wight hits you from afar with a +0 spear.
Aiming: Throw Flame
Press: ? - help, Q - select action, (/) - cycle Shift-Dir - straight line, f/p - wraith
Aim: a wraith (heavily damaged, 71% to hit)
The puff of flame hits the wraith.
The wraith is heavily damaged.
The wraith hits you but does no damage.
The wight hits you from afar with a +0 spear.
You feel drained. The wraith hits you!
* * * LOW HITPOINT WARNING * * *
The wight hits you from afar with a +0 spear!
You die...

########### #..
..........# #.+
#.###.##'.# #.#
#.# #.#.#.#
#.###.###.###.#
#.............#
#.............#
#.###.....###.#
#@#z#.....#z#.#
#W###.....###.#
#zW...........#
#............W#
#.###.###.###r#
#.#.#.#z#.# #.#
#.'##.###.##'.#
#.............#
#######'#######


You could see 2 wraiths and a wight.

Vanquished Creatures
  A sky beast (D:3)
  A black bear (D:5)
  An ogre (D:4)
  2 phantoms (D:5)
  2 kobold brigands (Sewer)
  A scorpion (D:4)
  A wight (Ossuary)
  2 hounds (D:5)
  3 iguanas
  4 orc wizards (D:4)
  Robin (D:3)
  3 adders
  A river rat (Sewer)
  A white imp (D:5)
  An adder zombie (Ossuary)
  A worm (D:5)
  A dart slug (D:5)
  15 orcs
  2 ball pythons
  5 bats
  6 endoplasms
  4 giant cockroaches
  12 goblins
  3 hobgoblins
  6 jackals
  6 quokkas
  2 ball python skeletons (Ossuary)
  2 frilled lizards
  2 hobgoblin zombies (Ossuary)
  7 kobolds
  A kobold zombie (Ossuary)
  3 orc zombies (Ossuary)
  3 rats
106 creatures vanquished.

Vanquished Creatures (collateral kills)
  An orc wizard (D:4)
  2 adders
  3 orcs (D:4)
  An endoplasm (D:2)
  A giant cockroach (D:3)
  3 goblins (D:3)
  A kobold (D:2)
  A quokka (D:3)
13 creatures vanquished.

Grand Total: 119 creatures vanquished

Notes
Turn   | Place    | Note
-------+----------+-------------------------------------------
     0 | D:1      | PimpSugar the Demonspawn Hedge Wizard began the quest for
                  | the Orb.
     0 | D:1      | Reached XP level 1. HP: 13/13 MP: 4/4
    33 | D:1      | Learned a level 1 spell: Slow
   299 | D:1      | Reached skill level 1 in Translocations
   345 | D:1      | Gained mutation: You are partially covered in razor-sharp
                  | scales. (AC +1, Slay +1) [demonic ancestry]
   345 | D:1      | Reached XP level 2. HP: 19/19 MP: 1/6
   538 | D:1      | Learned a level 2 spell: Call Imp
  1292 | D:2      | Reached XP level 3. HP: 22/24 MP: 0/7
  1322 | D:2      | Learned a level 1 spell: Summon Small Mammal
  1324 | D:2      | Learned a level 1 spell: Necrotise
  1907 | D:3      | Found a glowing drain.
  1946 | Sewer    | Entered a sewer
  2059 | Sewer    | Noticed a kobold brigand
  2060 | Sewer    | Noticed a kobold brigand
  2082 | Sewer    | Killed a kobold brigand
  2083 | Sewer    | Reached skill level 1 in Fire Magic
  2083 | Sewer    | Reached XP level 4. HP: 19/31 MP: 7/9
  2086 | Sewer    | Gained mutation: You have a small tail. [demonic ancestry]
  2086 | Sewer    | Reached XP level 5. HP: 20/36 MP: 8/10
  2089 | Sewer    | Reached skill level 1 in Fighting
  2089 | Sewer    | Reached skill level 1 in Hexes
  2089 | Sewer    | Reached skill level 1 in Evocations
  2312 | D:3      | Noticed a sky beast
  2348 | D:3      | Killed a sky beast
  2349 | D:3      | Reached skill level 1 in Staves
  2349 | D:3      | Gained mutation: You have a tail ending in a sharp stinger.
                  | [demonic ancestry]
  2349 | D:3      | Reached XP level 6. HP: 13/43 MP: 8/11
  2560 | D:3      | Noticed Robin
  2580 | D:3      | Killed Robin
  2764 | D:3      | Found an opulent altar of Gozag.
  2764 | D:3      | Found a bloodstained altar of Trog.
  3912 | D:4      | Found a hide-covered altar of Uskayaw.
  3962 | D:4      | Reached XP level 7. HP: 48/48 MP: 12/12
  3973 | D:4      | Identified the +2 leather armour of the Gloaming {rPois rF-
                  | SInv}
  4088 | D:4      | Reached skill level 1 in Ranged Weapons
  4803 | D:5      | Entered Level 5 of the Dungeon
  4823 | D:5      | Reached skill level 4 in Spellcasting
  4908 | D:5      | Found a hazy altar of Hepliaklqana.
  5147 | D:5      | Reached XP level 8. HP: 56/56 MP: 14/14
  5185 | D:5      | Found a sand-covered staircase.
  5193 | Ossuary  | Entered an ossuary
  5314 | Ossuary  | Noticed a flying skull
  5323 | Ossuary  | Noticed a flying skull
  5330 | Ossuary  | Noticed a flying skull
  5374 | Ossuary  | Noticed a flying skull
  5439 | Ossuary  | Slain by a wight

Illustrated notes

Levels and vault maps discovered:
D:1:      nzn_arrival_crosshair, layout_loops_ring, minmay_misc_feat_pillars,
          serial_bayou_lagoon_a, minmay_tromino_v4_b
D:2:      layout_loops_ring, chequers_serial_rivers_micro_b
D:3:      layout_loops_ring, minitemple, gup_sewer_entry_pipe,
          grunt_decor_one_mirror, minmay_misc_feat_more_columns, uniq_robin
D:4:      layout_basic, nicolae_uskayaw_dance_hall, hex_large
D:5:      black_bear_nest_1, layout_basic, worldfamousw_hep_ancestral_shrine,
          nicolae_kikubaaqudgha_miasma_corner, enter_ossuary_1,
          kennysheep_generic_room_3
Ossuary:  ossuary_due_cavern

Skill      XL: |  1  2  3  4  5  6  7  8 |
---------------+-------------------------+-----
Translocations | 1 2 |  2.5
Dodging        | 2 |  2.8
Stealth        | 2 |  2.7
Conjurations   | 2 3 |  3.8
Summonings     | 2 3 |  3.4
Fire Magic     | 1 2 |  2.0
Fighting       | 1 2 |  2.2
Hexes          | 1 2 |  2.1
Evocations     | 1 |  1.9
Staves         | 1 |  1.6
Ranged Weapons | 1 |  1.6
Spellcasting   | 4 |  4.2

Action                     |  1- 3 |  4- 6 |  7- 9 || total
---------------------------+-------+-------+-------++-------
  Melee: Staff             |    82 |       |       ||    82
         Punch             |     1 |       |       ||     1
   Fire: Hand crossbow     |    15 |   111 |    77 ||   203
   Cast: Magic Dart        |    42 |     9 |    23 ||    74
         Call Imp          |     8 |     5 |     5 ||    18
         Summon Small Mamm |     9 |     6 |     2 ||    17
         Necrotise         |     4 |       |       ||     4
         Slow              |     1 |     5 |     7 ||    13
  Evoke: Wand              |       |       |     7 ||     7
    Use: Potion            |     1 |     4 |     1 ||     6
         Scroll            |     1 |       |     8 ||     9
 Armour: Robe              |    12 |       |       ||    12
         Leather armour    |    21 |    50 |    41 ||   112
         Skin              |       |    17 |       ||    17
  Dodge: Dodged            |    83 |    60 |    45 ||   188
  Block: Other             |    37 |    37 |    19 ||    93
         Reflection        |     1 |     4 |       ||     5

Table legend: (Time is in decaauts)
 A = Elapsed time spent in this place.
 B = Non-inter-level travel time spent in this place.
 C = Inter-level travel time spent in this place.
 D = Time resting spent in this place.
 E = Time spent auto-exploring this place.
 F = Levels seen in this place.
 G = Mean time per level.
                   A        B        C        D        E       F      G
               +--------+--------+--------+--------+--------+-----+--------+
         Total |   5747 |   5375 |    372 |    660 |   2974 |   7 |  821.0 |
       Dungeon |   5016 |   4644 |    372 |    626 |   2655 |   5 | 1003.2 |
         Sewer |    440 |    440 |      0 |     34 |    263 |   1 |  440.0 |
       Ossuary |    290 |    290 |      0 |      0 |     56 |   1 |  290.0 |
               +--------+--------+--------+--------+--------+-----+--------+

Top non-repeatable levels by time:
     D:4: 1467 daAuts
     D:3: 1264 daAuts
     D:2: 944 daAuts
     D:1: 915 daAuts
   Sewer: 440 daAuts
     D:5: 425 daAuts
 Ossuary: 290 daAuts
